 Dungeon Crawl Stone Soup version 0.20.1-1-g8b1a95d (webtiles) character file.

69 Folque the Magician (level 4, -1/29 HPs)
             Began as an Octopode Wizard on Nov 11, 2017.
             Slain by an adder (5 damage)
             ... on level 3 of the Dungeon.
             The game lasted 00:04:50 (2229 turns).

Folque the Magician (Octopode Wizard)               Turns: 2229, Time: 00:04:51

Health: -1/29      AC:  1    Str:  6    XL:     4   Next: 20%
Magic:  2/10       EV: 13    Int: 21    God:
Gold:   94         SH:  0    Dex: 10    Spells: 3/11 levels left

rFire    . . .     SeeInvis .   i - +2 whip (elec)
rCold    . . .     Gourm    .   (no shield)
rNeg     . . .     Faith    .   a - +0 hat
rPois    .         Spirit   .   (no amulet)
rElec    .         Reflect  .   (no ring)
rCorr    .         Harm     .   (no ring)
MR       .....                  (no ring)
Stlth    +++.......             (no ring)
Regen    0.1/turn               (no ring)
MPRegen  0.2/turn               (no ring)
                                (no ring)
                                (no ring)

@: about to teleport
A: almost no armour, stealthy swim, amphibious, 8 rings, constrict 8, camouflage
1, gelatinous body 1
a: no special abilities


You were on level 3 of the Dungeon.
You were not hungry.

You visited 1 branch of the dungeon, and saw 3 of its levels.

You collected 94 gold pieces.

Inventory:

Hand Weapons
 d - a +0 whip
 i - a +2 whip of electrocution (weapon)
Armour
 a - a +0 hat (worn)
Scrolls
 j - a scroll of remove curse
 o - a scroll of blinking {unknown}
 p - a scroll of random uselessness {unknown}
 q - a scroll of enchant armour {unknown}
 r - a scroll of fog {unknown}
Potions
 e - a potion of lignification {unknown}
 h - a potion of curing {unknown}
 m - a potion of magic {unknown}
Books
 b - a book of Minor Magic

   Spells                             Type                      Level
   a - Magic Dart                     Conjuration                  1
   b - Blink                          Translocation                2
   c - Call Imp                       Summoning                    2
   d - Slow                           Hexes                        2
   e - Conjure Flame                  Conjuration/Fire             3
   f - Mephitic Cloud                 Conjuration/Poison/Air       3
Comestibles
 c - 3 bread rations
 f - 4 chunks of flesh
 g - 3 royal jellies
 l - a meat ration


   Skills:
 - Level 2.0 Fighting
 - Level 2.0 Dodging
 - Level 2.6 Stealth
 + Level 4.0 Spellcasting
 - Level 1.0 Conjurations
 - Level 1.0 Summonings
 - Level 1.0 Translocations
 * Level 1.0 Poison Magic


You had 3 spell levels left.
You knew the following spells:

 Your Spells              Type           Power        Failure   Level  Hunger
a - Magic Dart            Conj           #...         8%          1    None
b - Call Imp              Summ           #.......     12%         2    #......
c - Blink                 Tloc           N/A          12%         2    #......
d - Mephitic Cloud        Conj/Pois/Air  #.......     26%         3    ###....


Dungeon Overview and Level Annotations

Branches:
Dungeon (3/15)

Altars:


Innate Abilities, Weirdness & Mutations

You cannot wear most types of armour.
You are very stealthy in the water. (Stealth+)
You are amphibious.
You can wear up to eight rings at the same time.
You can use your tentacles to constrict eight enemies at once.
Your skin changes colour to match your surroundings (Stealth+).
Your rubbery body absorbs attacks. (AC +1, EV +1)


Message History

Casting: Mephitic Cloud
Confirm with . or Enter, or press ? or * to list all spells.
You blink.
You lose your grip on the orc.
An adder comes into view.
Found 12 arrows and a white potion.
The bat misses you. The bat hits you.
* * * LOW HITPOINT WARNING * * *
As you read the scroll labeled PAUGHI FUHIULYTZ, it crumbles to dust.
You feel blessed for a moment.
It was a scroll of remove curse.
The bat misses you. The bat barely misses you.
As you read the scroll labeled ANIMIJICYO, it crumbles to dust.
The creatures around you are filled with an inner flame!
It was a scroll of immolation.
The bat misses you. The bat closely misses you.
Unknown command.
As you read the scroll labeled KUEHUA HAKUSE, it crumbles to dust.
You feel strangely unstable.
It was a scroll of teleportation.
The bat closely misses you. The bat hits you.
* * * LOW HITPOINT WARNING * * *
The adder bites you.
You die...

# # ######### #
####.......###########.#
.......................#
####..(...........S....#
....(..@bb.oS....o....S.
####!...So..oo..o.o.<#.#
.....####.#.####.#.#.# #
#### #.#... #.#.#.# # .#
.... ..# # # .# ### ###
# .. # #


You could see 2 adders, 4 orcs and 2 bats.

Vanquished Creatures
  2 adders (D:2)
  2 worms
  3 dart slugs
  A leopard gecko (D:2)
  3 giant cockroaches
  3 goblins
  7 hobgoblins
  A ball python (D:2)
  5 bats
  5 frilled lizards
  3 kobolds
  5 rats
40 creatures vanquished.

Notes
Turn   | Place    | Note
-------+----------+-------------------------------------------
     0 | D:1      | Folque the Octopode Wizard began the quest for the Orb.
     0 | D:1      | Reached XP level 1. HP: 11/11 MP: 4/4
   431 | D:1      | Reached skill level 1 in Fighting
   444 | D:1      | Reached XP level 2. HP: 10/18 MP: 6/6
  1206 | D:2      | Reached XP level 3. HP: 19/23 MP: 7/7
  1375 | D:2      | Learned a level 2 spell: Call Imp
  1378 | D:2      | Learned a level 2 spell: Blink
  1382 | D:2      | Learned a level 3 spell: Mephitic Cloud
  1792 | D:2      | Reached skill level 4 in Spellcasting
  1792 | D:2      | Reached XP level 4. HP: 29/29 MP: 10/10
  2165 | D:3      | Reached skill level 1 in Poison Magic
  2229 | D:3      | Slain by an adder

Skill      XL: |  1  2  3  4 |
---------------+-------------+-----
Fighting       | 1 2 |  2.0
Spellcasting   | 4 |  4.0
Poison Magic   | 1 |  1.0
Dodging        | |  2.0
Stealth        | |  2.6
Conjurations   | |  1.0
Summonings     | |  1.0
Translocations | |  1.0

Action                   |  1- 3 |  4- 6 || total
-------------------------+-------+-------++-------
Melee: Whip              |    58 |    11 ||    69
       Constrict         |    16 |     4 ||    20
       Tentacles         |     3 |     2 ||     5
 Cast: Magic Dart        |     5 |     6 ||    11
       Mephitic Cloud    |     1 |     1 ||     2
       Blink             |       |     3 ||     3
  Use: Scroll            |       |     3 ||     3
 Stab: Sleeping          |    10 |     2 ||    12
       Distracted        |     1 |       ||     1
  Eat: Chunk             |     3 |     1 ||     4
Armor: Skin              |     6 |       ||     6
Dodge: Dodged            |    24 |    13 ||    37
